 Dungeon Crawl Stone Soup version 0.29-a0-341-g24ffce5b50 (webtiles) character file.

Game seed: 17269210138506422553

459 sokol815 the Chopper (level 7, -3/45 HPs)
             Began as an Octopode Gladiator on Apr 21, 2022.
             Slain by an orc
             ... wielding a +0 war axe
              (8 damage)
             ... on level 3 of the Dungeon.
             The game lasted 00:06:57 (5429 turns).

sokol815 the Chopper (Octopode Gladiator)           Turns: 5429, Time: 00:06:57

Health: -3/45      AC:  1    Str: 14    XL:     7   Next: 6%
Magic:  7/7        EV: 13    Int: 12    God:
Gold:   242        SH:  0    Dex: 13    Spells: 3/6 levels left

rFire   . . .      SeeInvis .   a - +0 war axe
rCold   . . .      Faith    .   (no shield)
rNeg    . . .      Spirit   .   b - +0 hat
rPois   .          Reflect  .   (no amulet)
rElec   .          Harm     .   o - ring of flight {+Fly, !d}
rCorr   .          Rampage  .   (no ring)
Will    .....                   (no ring)
Stlth   ++........              (no ring)
HPRegen 0.15/turn               (no ring)
MPRegen 0.10/turn               (no ring)
                                (no ring)
                                (no ring)

@: flying
A: almost no armour, amphibious, 8 rings, camouflage 1, gelatinous body 1,
(nimble swimmer 1), tentacles
a: no special abilities


You were on level 3 of the Dungeon.
You visited 1 branch of the dungeon, and saw 3 of its levels.

You collected 242 gold pieces.

Inventory:

Hand Weapons
 a - a +0 war axe (weapon)
 u - a +2 vorpal mace
   (You took it off an orc on level 3 of the Dungeon)
 v - a +1 vorpal spear
   (You took it off a gnoll on level 3 of the Dungeon)
 y - a +0 halberd of venom
   (You took it off a gnoll on level 3 of the Dungeon)
Missiles
 c - 5 throwing nets {!d}
 d - a javelin
 g - 15 boomerangs
 h - 3 curare-tipped darts
 s - 37 stones
 t - 4 boomerangs of dispersal {=f}
Armour
 b - a +0 hat (worn)
 q - a +1 pair of gloves
   (You found it on level 2 of the Dungeon)
Jewellery
 o - a ring of flight (left tentacle) {+Fly, !d}
   (You found it on level 2 of the Dungeon)
Wands
 j - a wand of polymorph (9)
   (You took it off a gnoll on level 3 of the Dungeon)
Scrolls
 Y - 2 scrolls of teleportation {@r3}
Potions
 e - a potion of flight {unknown}
 f - 4 potions of curing {unknown}
 i - 2 potions of lignification {unknown}
 k - 2 potions of mutation {unknown}
 l - a potion of resistance {unknown}
 m - a potion of heal wounds {unknown}
 n - 2 potions of degeneration {unknown}
 p - a potion of might {unknown}
 r - a potion of haste {unknown}
 w - 2 potions of attraction {unknown}
 x - a potion of ambrosia {unknown}


   Skills:
 - Level 2.0 Fighting
 + Level 6.3 Axes
 - Level 2.0 Throwing
 - Level 3.0 Dodging
 + Level 2.2 Conjurations
 + Level 2.2 Air Magic
 + Level 2.7 Poison Magic


You had 3 spell levels left.
You knew the following spells:

 Your Spells              Type           Power      Damage    Failure   Level
x - Mephitic Cloud        Conj/Pois/Air  5%         N/A       36%         3

Your spell library contained the following spells:

 Spells                   Type           Power      Damage    Failure   Level
 Magic Dart               Conj           20%        1d4       14%         1
 Slow                     Hex            0%         N/A       32%         1
 Call Imp                 Summ           0%         N/A       45%         2
 Call Canine Familiar     Summ           0%         N/A       69%         3
 Confusing Touch          Hex            0%         N/A       69%         3
 Portal Projectile        Hex/Tloc       0%         N/A       69%         3
 Vampiric Draining        Necr           0%         2d6       69%         3
 Leda's Liquefaction      Hex/Erth       0%         N/A       97%         4


Dungeon Overview and Level Annotations

Branches:
Dungeon (3/15)

Altars:
Ru
Vehumet


Innate Abilities, Weirdness & Mutations

You cannot wear most types of armour.
You are amphibious.
You can wear up to eight rings at the same time.
Your skin changes colour to match your surroundings (Stealth+).
Your rubbery body absorbs attacks. (AC +1, EV +1)
((You are camouflaged when in or above water. (Stealth+)))
You have tentacles for arms and can constrict up to eight enemies at once.


Message History

There is an open door here.
You take 4 damage, and have 35/39 hp.
You closely miss the hound. Your grab misses the hound.
Your squeeze misses the hound. The hound closely misses you.
You barely miss the hound. Your grab misses the hound.
The hound stops to sniff the ground.
The hound closely misses you. The hound bites you.
You take 5 damage, and have 30/39 hp.
You hit the hound. Your grab misses the hound. The hound bites you. x2
You take 8 damage, and have 22/39 hp.
MASSIVE DAMAGE!!
You barely miss the hound. Your grab misses the hound.
The hound barely misses you. The hound completely misses you.
You closely miss the hound. You grab the hound. You squeeze the hound!
You constrict the hound, but do no damage.
The hound bites you.
You take 4 damage, and have 19/39 hp.
You barely miss the hound.
You constrict the hound, but do no damage.
The hound bites you. x2
* * * LOW HITPOINT WARNING * * *
You take 8 damage, and have 11/39 hp.
MASSIVE DAMAGE!!
You slash the hound!
You kill the hound!
You have reached level 7!
You regained 2 hp, and now have 13/45 hp.
MP restored: 7 You start resting.
Health restored: 45
There is an open door here.
There is an open door here.
There is a large open door here.
There is a large open door here.
There is an open door here.
There is an open door here.
There is an open door here.
There is an open door here.
A gnoll comes into view. It is wielding a +0 halberd of venom.
The gnoll shouts!
The gnoll hits you with a +0 halberd of venom!
You are poisoned.
There is an open door here.
You take 8 damage, and have 37/45 hp.
Unknown command.
You hit the gnoll but do no damage. You grab the gnoll.
You constrict the gnoll.
You feel very sick. The gnoll completely misses you.
You take 3 damage, and have 34/45 hp.
You slash the gnoll! You squeeze the gnoll.
You kill the gnoll!
You feel sick.
You take 1 damage, and have 33/45 hp.
No target in view!
No target in view!
You start resting.
You feel sick. x6
You are no longer poisoned.
You take 7 damage, and have 26/45 hp.
You start resting.
Health restored: 45
Things that are here:
a +0 halberd of venom; a gnoll corpse
y - a +0 halberd of venom
There is an open door here.
There is an open door here.
There is a large open door here.
There is a large open door here.
An orc comes into view. It is wielding a +0 hand axe.
A gnoll comes into view. It is wielding a +0 flail.
The orc shouts!
The gnoll shouts!
The orc shouts!
There is a large open door here.
The orc shouts!
The gnoll misses you.
There is a large open door here.
You slash the gnoll! Your grab misses the gnoll.
The gnoll hits you with a +0 flail! x2; The orc hits you with a +0 hand axe.
You take 20 damage, and have 25/45 hp.
MASSIVE DAMAGE!!
You slash the gnoll!
You kill the gnoll!
You barely miss the orc. The orc hits you with a +0 hand axe.
You take 2 damage, and have 23/45 hp.
You hit the orc but do no damage. Your grab misses the orc.
You hit the orc but do no damage. The orc hits you with a +0 hand axe.
The orc hits you with a +0 dagger.
You take 5 damage, and have 18/45 hp.
You completely miss the orc. You grab the orc. You squeeze the orc!
You kill the orc!
You closely miss the orc. The orc hits you but does no damage.
You barely miss the orc. Your grab misses the orc. You closely miss the orc.
The orc hits you with a +0 war axe. The orc hits you with a +0 hand axe.
You take 4 damage, and have 14/45 hp.
You hit the orc. You grab the orc. You hit the orc.
You kill the orc!
You constrict the orc. The orc completely misses you.
The gnoll hits you with a +0 club!
* * * LOW HITPOINT WARNING * * *
The orc hits you with a +0 war axe!
You die...

...[)≈≈≈≈≈≈≈≈≈≈≈#####≈≈....#
.....)..........#...#≈≈....#
''''#############...#≈≈P...#
.)..#######.....#'###≈≈....#
...['...).'.....#.#.≈≈≈....#
.)..#######.....#.#.≈≈≈....#
#''##############.#.≈≈≈....#
...).......'....go#.≈≈≈..P.#
...........'....@.#.≈≈≈....#
...........######)#.≈≈≈....#
...........#....#.#.≈≈≈....#
#''#########†.).#.#.≈≈≈....#
'..'.......')...#+###≈≈....#
#################.g.#≈≈....#
...............†#g.o#≈≈....#
≈≈≈≈≈≈≈≈≈≈≈≈≈≈h≈#####≈≈....#
≈≈≈≈≈≈≈≈≈≈≈≈≈≈≈≈≈≈≈≈≈≈≈....#


You could see a gnoll and an orc.

Vanquished Creatures
  3 hounds (D:3)
  An orc priest (D:3)
  A gnoll shaman (D:2)
  16 gnolls
  6 adders
  A dart slug (D:2)
  20 orcs
  2 endoplasms
  2 giant cockroaches (D:3)
  4 goblins
  2 hobgoblins
  15 jackals
  3 quokkas
  6 ball pythons
  9 bats
  3 kobolds
  A rat (D:1)
95 creatures vanquished.

Vanquished Creatures (others)
  4 plants (D:3)
4 creatures vanquished.

Grand Total: 99 creatures vanquished

Notes
Turn   | Place    | Note
-------+----------+-------------------------------------------
     0 | D:1      | sokol815 the Octopode Gladiator began the quest for the
                  | Orb.
     0 | D:1      | Reached XP level 1. HP: 14/14 MP: 1/1
   245 | D:1      | Reached XP level 2. HP: 19/19 MP: 2/2
  1171 | D:2      | Found a radiant altar of Vehumet.
  1239 | D:2      | Found a faded altar of an unknown god.
  1241 | D:2      | Reached skill level 4 in Axes
  1402 | D:2      | Reached XP level 3. HP: 24/24 MP: 3/3
  2110 | D:3      | Reached XP level 4. HP: 25/29 MP: 4/4
  2243 | D:3      | Reached skill level 5 in Axes
  2291 | D:3      | Reached XP level 5. HP: 24/34 MP: 5/5
  2428 | D:3      | Found a sacrificial altar of Ru.
  2588 | D:3      | Learned a level 3 spell: Mephitic Cloud
  2667 | D:3      | Reached skill level 1 in Poison Magic
  2820 | D:3      | Reached skill level 1 in Conjurations
  2820 | D:3      | Reached skill level 1 in Air Magic
  3102 | D:3      | Noticed an ogre
  3142 | D:3      | Reached skill level 6 in Axes
  3142 | D:3      | Reached XP level 6. HP: 39/39 MP: 6/6
  3876 | D:3      | HP: 9/39 [orc/+0 flail (8)]
  4242 | D:3      | Reached skill level 2 in Poison Magic
  4720 | D:2      | Reached skill level 2 in Air Magic
  4785 | D:3      | Reached skill level 2 in Conjurations
  5012 | D:3      | Reached XP level 7. HP: 13/45 MP: 7/7
  5429 | D:3      | HP: 5/45 [gnoll/+0 club (9)]
  5429 | D:3      | Slain by an orc

Illustrated notes

Levels and vault maps discovered:
D:1:      nagdon_arrival_double_spiral, layout_basic
D:2:      layout_loops_corners, basic_altar, nicolae_ecumenical_snake_handling,
          amethyst_killhole, chequers_serial_rivers_room_b,
          kennysheep_generic_room_15
D:3:      lemuel_castle_with_subvaults [lemuel_castle_interior_original],
          layout_loops_ring, mainiacjoe_overflow_chevrons, saegor_snake_ambush

Skill      XL: |  1  2  3  4  5  6 |
---------------+-------------------+-----
Axes           | 4 5 6 |  6.3
Poison Magic   | 1 2 |  2.7
Conjurations   | 1 2 |  2.2
Air Magic      | 1 2 |  2.2
Fighting       | |  2.0
Throwing       | |  2.0
Dodging        | |  3.0

Action                   |  1- 3 |  4- 6 |  7- 9 || total
-------------------------+-------+-------+-------++-------
Melee: War axe           |    50 |   114 |     8 ||   172
       Constrict         |    15 |    35 |     3 ||    53
       Tentacles         |     8 |    30 |     2 ||    40
       Unarmed           |       |     6 |       ||     6
       Punch             |       |     1 |       ||     1
  Use: Scroll            |     2 |     1 |       ||     3
 Stab: Sleeping          |     8 |     7 |       ||    15
       Distracted        |     1 |       |       ||     1
Armor: Skin              |    10 |     5 |     1 ||    16
Dodge: Dodged            |    38 |    71 |     3 ||   112

Table legend: (Time is in decaauts)
 A = Elapsed time spent in this place.
 B = Non-inter-level travel time spent in this place.
 C = Inter-level travel time spent in this place.
 D = Time resting spent in this place.
 E = Time spent auto-exploring this place.
 F = Levels seen in this place.
 G = Mean time per level.
                   A        B        C        D        E       F      G
               +--------+--------+--------+--------+--------+-----+--------+
         Total |   5471 |   5281 |    190 |   1731 |   2833 |   3 | 1823.7 |
       Dungeon |   5471 |   5281 |    190 |   1731 |   2833 |   3 | 1823.7 |
               +--------+--------+--------+--------+--------+-----+--------+

Top non-repeatable levels by time:
     D:2: 2362 daAuts
     D:3: 2234 daAuts
     D:1: 874 daAuts

Table legend:
 A = Kills in this place as a percentage of kills in entire the game.
 B = Kills by you in this place as a percentage of kills by you in the entire game.
 C = Kills by friends in this place as a percentage of kills by friends in the entire game.
 D = Other kills in this place as a percentage of other kills in the entire game.
 E = Experience gained in this place as a percentage of experience gained in the entire game.
 F = Experience gained in this place divided by the number of levels of this place that you have seen.
                   A       B       C       D       E      F
               +-------+-------+-------+-------+-------+----------------------
         Total | 100.0 | 100.0 |   N/A |   N/A | 100.0 | 219.7
       Dungeon | 100.0 | 100.0 |   N/A |   N/A | 100.0 | 219.7
               +-------+-------+-------+-------+-------+----------------------
